[Event "ICCopen2017"]
[Site "Internet Chess Club"]
[Date "2017.04.02"]
[Round "9"]
[White "VrloJakMK"]
[Black "Kjaan1974"]
[Result "1-0"]
[ICCResult "Black resigns"]
[WhiteElo "1958"]
[BlackElo "1494"]
[Opening "Modern defense"]
[ECO "A40"]
[NIC "QO.17"]
[Time "20:46:01"]
[TimeControl "180+0"]

1. d4 g6 2. c4 Bg7 3. Nc3 d6 4. Nf3 e6 5. e4 Ne7 6. Be2 O-O 7. O-O c6 8. Ne1
Bd7 9. f3 a6 10. Be3 b5 11. b3 b4 12. Na4 a5 13. Rc1 c5 14. dxc5 Bxa4 15.
bxa4 dxc5 16. Qxd8 Rxd8 17. Bxc5 Nec6 18. Nc2 Nd7 19. Be3 f5 20. exf5 exf5
21. Rcd1 Nde5 22. c5 Rxd1 23. Rxd1 h6 24. Bb5 Ne7 25. Nd4 Rd8 26. Rc1 Nd5
27. Bf2 Nf7 28. Ne6 Rc8 29. Nxg7 Kxg7 30. h4 Rc7 31. c6 Nc3 32. Bd4+ Kh7 33.
Bxc3 bxc3 34. Rxc3 Nd6 35. Rd3 Nxb5 36. axb5 h5 37. Rd7+ {Black resigns} 1-0

[Event "ICCopen2017"]
[Site "Internet Chess Club"]
[Date "2017.04.02"]
[Round "9"]
[White "hecan58"]
[Black "Enemigoalacecho"]
[Result "1-0"]
[ICCResult "Black checkmated"]
[WhiteElo "1809"]
[BlackElo "2213"]
[Opening "Petrov: modern attack, Symmetrical variation"]
[ECO "C43"]
[NIC "RG.02"]
[Time "20:44:29"]
[TimeControl "180+0"]

1. e4 e5 2. Nf3 Nf6 3. d4 Nxe4 4. Bd3 d5 5. Nxe5 Nd7 6. Nxd7 Bxd7 7. O-O Qh4
8. c4 O-O-O 9. cxd5 Bd6 10. g3 Nxg3 11. hxg3 Bxg3 12. fxg3 Qxg3+ 13. Kh1
Qh3+ 14. Kg1 Qg3+ 15. Kh1 Bh3 16. Qf3 Qh4 17. Bg5 Bg2+ 18. Kxg2 Qxg5+ 19.
Kh2 Rxd5 20. Bf5+ Kb8 21. Qxd5 Rd8 22. Qe4 g6 23. Bh3 a6 24. Nc3 Qd2+ 25.
Bg2 c6 26. Qf4+ Qxf4+ 27. Rxf4 f5 28. Re1 Ka7 29. Re7 Kb6 30. Rxh7 Rf8 31.
Rg7 Rf6 32. d5 c5 33. Ne4 Rf8 34. Rxg6+ Kb5 35. Rxf5 Rh8+ 36. Kg3 Kc4 37. d6
Kd4 38. Nxc5 b5 39. d7 b4 40. Rd6+ Kc4 41. Bf1# {Black checkmated} 1-0

[Event "ICCopen2017"]
[Site "Internet Chess Club"]
[Date "2017.04.02"]
[Round "9"]
[White "Ajolote"]
[Black "refid"]
[Result "0-1"]
[ICCResult "White resigns"]
[WhiteElo "1541"]
[BlackElo "1869"]
[Opening "King's pawn opening"]
[ECO "B07"]
[NIC "VO.17"]
[Time "20:44:31"]
[TimeControl "180+0"]

1. e4 d6 2. Nc3 Nf6 3. g3 e5 4. Bg2 c6 5. d3 Be7 6. Nge2 O-O 7. O-O Nbd7 8.
f4 b5 9. h3 h5 10. f5 Bb7 11. Bg5 b4 12. Nb1 d5 13. Nd2 Nc5 14. Nf3 dxe4 15.
Bxf6 Bxf6 16. Nd2 exd3 17. cxd3 Nxd3 18. Qb3 Qb6+ 19. Kh1 Nc5 20. Qc2 Ba6
21. Nc4 Bxc4 22. Qxc4 Rad8 23. Rac1 Na4 24. Qxc6 Qxc6 25. Rxc6 Nxb2 26. g4
hxg4 27. hxg4 Nd3 28. Rf3 e4 29. Rg3 Be5 30. Rh3 Nf2+ 31. Kg1 Nxh3+ 32. Bxh3
Rd2 33. Bf1 Rfd8 34. g5 Rxa2 35. f6 Rd1 36. Rc8+ Kh7 37. Rf8 Rxe2 38. Rxf7
Bd4+ {White resigns} 0-1

[Event "ICCopen2017"]
[Site "Internet Chess Club"]
[Date "2017.04.02"]
[Round "9"]
[White "SPARNALIQ"]
[Black "Zheus"]
[Result "1-0"]
[ICCResult "Black resigns"]
[WhiteElo "2942"]
[BlackElo "2007"]
[Opening "Sicilian: Labourdonnais-Löwenthal variation"]
[ECO "B32"]
[NIC "SI.32"]
[Time "20:45:45"]
[TimeControl "180+0"]

1. e4 c5 2. Nf3 Nc6 3. d4 cxd4 4. Nxd4 e5 5. Nb5 a6 6. Nd6+ Bxd6 7. Qxd6 Qe7
8. Qd1 Nf6 9. Nc3 h6 10. Bc4 d6 11. O-O Be6 12. Nd5 Bxd5 13. exd5 Na5 14.
Be2 b5 15. b4 Nb7 16. a4 bxa4 17. Rxa4 a5 18. Bb5+ Nd7 19. c4 O-O 20. Bd2
axb4 21. Rxa8 Rxa8 22. Bxb4 Nb6 23. Bc6 Ra2 24. Qb3 Re2 25. Ba3 Qc7 26. Bxb7
Qxb7 27. c5 Qxd5 28. Qxb6 dxc5 29. Qxc5 Qd2 30. Bb4 Qd7 31. Qc4 Rb2 32. Bc3
Rb5 33. g3 Rd5 34. Re1 Rd1 35. Qe2 Rxe1+ 36. Qxe1 f6 37. h4 Qg4 38. Qe3 Kh7
39. Kg2 Kg6 40. Qf3 Qc4 41. h5+ Kf7 42. Qb7+ Kf8 43. Bd2 Qd4 44. Be3 Qd6 45.
Qc8+ Kf7 46. Qc4+ Ke8 47. Qg8+ Qf8 48. Qxf8+ Kxf8 49. Kf3 Kf7 50. Ke4 Ke6
51. g4 {Black resigns} 1-0

[Event "ICCopen2017"]
[Site "Internet Chess Club"]
[Date "2017.04.02"]
[Round "9"]
[White "MichailovM"]
[Black "Shafkat"]
[Result "1-0"]
[ICCResult "Black forfeits on time"]
[WhiteElo "2193"]
[BlackElo "1647"]
[Opening "Torre attack (Tartakower variation)"]
[ECO "D03"]
[NIC "QP.08"]
[Time "20:44:49"]
[TimeControl "180+0"]

1. d4 d5 2. Nf3 Nf6 3. Bg5 e6 4. e3 h6 5. Bh4 Be7 6. Bd3 Nbd7 7. Nbd2 b6 8.
Ne5 Nxe5 9. dxe5 Nd7 10. Bg3 Bb7 11. Nf3 c5 12. c3 O-O 13. Qe2 f6 14. exf6
Nxf6 15. O-O-O Ne4 16. Bxe4 Qe8 17. Bc2 a5 18. Ne5 a4 19. Bg6 Qc8 20. Qh5 a3
21. b3 c4 22. b4 Bxb4 23. Bf7+ Rxf7 24. Qxf7+ Kh8 25. Bf4 Bxc3 26. Rd4 Bxd4
27. exd4 Qe8 28. Qxe8+ Rxe8 29. Kc2 g5 30. Bg3 Ba6 31. Rb1 b5 32. Kc3 Rb8
33. Nf7+ Kg7 34. Bxb8 Kxf7 35. Be5 h5 36. Kb4 g4 37. Kc5 h4 38. Kb6 Bc8 39.
Kxb5 Bd7+ 40. Kc5 Kg6 41. Kd6 Ba4 42. Kxe6 {Black forfeits on time} 1-0

[Event "ICCopen2017"]
[Site "Internet Chess Club"]
[Date "2017.04.02"]
[Round "9"]
[White "ChessGeneral111"]
[Black "WAHEHE"]
[Result "0-1"]
[ICCResult "White resigns"]
[WhiteElo "1343"]
[BlackElo "1836"]
[Opening "Queen's pawn"]
[ECO "D13"]
[NIC "QO.17"]
[Time "20:46:03"]
[TimeControl "180+0"]

1. d4 c6 2. c4 Nf6 3. Nc3 d5 4. cxd5 cxd5 5. Nf3 a6 6. Bf4 e6 7. e3 Bd6 8.
Ne5 O-O 9. Bd3 b5 10. a3 Bb7 11. O-O Qe7 12. b4 Nbd7 13. Nxd7 Nxd7 14. Bxd6
Qxd6 15. Nb1 Rac8 16. Nd2 Rc3 17. Nf3 Rfc8 18. Ng5 h6 19. Qh5 hxg5 20. Qh7+
Kf8 21. a4 Nf6 22. Qh8+ Ke7 23. Qxg7 Rxd3 24. Qxg5 Rg8 25. Qh4 Rg7 26. axb5
Rh7 {White resigns} 0-1

[Event "ICCopen2017"]
[Site "Internet Chess Club"]
[Date "2017.04.02"]
[Round "9"]
[White "playwaycool"]
[Black "A4-H5"]
[Result "1-0"]
[ICCResult "Black checkmated"]
[WhiteElo "2192"]
[BlackElo "1858"]
[Opening "Old Benoni defense"]
[ECO "A43"]
[NIC "OI.09"]
[Time "20:44:57"]
[TimeControl "180+0"]

1. d4 c5 2. d5 b5 3. e4 b4 4. c3 a5 5. Nf3 d6 6. Bc4 g6 7. O-O Bg7 8. Re1
Bg4 9. h3 Bxf3 10. Qxf3 Nd7 11. Bb5 Nf6 12. Bc6 Rb8 13. Nd2 O-O 14. Nc4 Nb6
15. Nxb6 Rxb6 16. Bf4 Nd7 17. Bxd7 Qxd7 18. Rad1 bxc3 19. bxc3 Rb2 20. Rd2
Rfb8 21. Qd3 a4 22. e5 Rxd2 23. Qxd2 c4 24. exd6 exd6 25. Qe2 a3 26. Qxc4
Rb2 27. Qc6 Qf5 28. Re8+ Bf8 29. Qxd6 Qxf4 30. Qxf8# {Black checkmated} 1-0

[Event "ICCopen2017"]
[Site "Internet Chess Club"]
[Date "2017.04.02"]
[Round "9"]
[White "Revolutions"]
[Black "Svinotigr"]
[Result "1/2-1/2"]
[ICCResult "Game drawn by repetition"]
[WhiteElo "1863"]
[BlackElo "1787"]
[Opening "Old Indian defense"]
[ECO "A42"]
[NIC "OI.07"]
[Time "20:45:29"]
[TimeControl "180+0"]

1. d4 d6 2. c4 Nd7 3. Nc3 e5 4. dxe5 dxe5 5. g3 g6 6. Bg2 Bg7 7. e3 Ngf6 8.
Nge2 O-O 9. O-O Re8 10. b3 Qe7 11. Bb2 c6 12. Qc2 h5 13. Rad1 a5 14. Na4 Nf8
15. Nb6 Rb8 16. Nxc8 Rbxc8 17. Nc3 e4 18. Na4 N8h7 19. c5 Ng5 20. Qe2 Ng4
21. Bxg7 Kxg7 22. h3 Ne5 23. h4 Ngf3+ 24. Kh1 g5 25. Bxf3 Nxf3 26. Qb2+ Kh7
27. hxg5 Qxg5 28. Kg2 Nh4+ 29. Kh1 Nf3 30. Kg2 Nh4+ 31. Kh1 Nf3 32. Kg2
{Game drawn by repetition}
1/2-1/2

[Event "ICCopen2017"]
[Site "Internet Chess Club"]
[Date "2017.04.02"]
[Round "9"]
[White "BenkoChess"]
[Black "BirchRun"]
[Result "1-0"]
[ICCResult "Black resigns"]
[WhiteElo "1836"]
[BlackElo "1610"]
[Opening "Queen's pawn game"]
[ECO "D02"]
[NIC "QP.09"]
[Time "20:44:48"]
[TimeControl "180+0"]

1. Nf3 d5 2. d4 e6 3. c4 Be7 4. Nc3 Nf6 5. cxd5 Nxd5 6. e4 Nxc3 7. bxc3 O-O
8. Bd3 b6 9. O-O Bb7 10. Qe2 Nd7 11. Bf4 c5 12. Rfd1 Rc8 13. d5 exd5 14.
exd5 Nf6 15. d6 Bxd6 16. Bxd6 c4 17. Bf5 Re8 18. Qc2 g6 19. Be5 Qe7 20. Bxc8
Rxc8 21. Bxf6 Qxf6 22. Nd4 Qg5 23. f3 h5 24. Qd2 Qc5 25. Qf2 Qa3 26. Nb5 Qf8
27. Nd6 Rc7 28. Nxb7 Rxb7 29. Rd4 b5 30. Rad1 Rb8 31. Qh4 Re8 32. h3 Qc5 33.
Qf6 a5 34. Kh1 b4 35. Rd8 Qf8 36. Rxe8 Qxe8 37. Rd8 {Black resigns} 1-0

[Event "ICCopen2017"]
[Site "Internet Chess Club"]
[Date "2017.04.02"]
[Round "9"]
[White "TerryR"]
[Black "Red-white"]
[Result "1-0"]
[ICCResult "Black resigns"]
[WhiteElo "2685"]
[BlackElo "2872"]
[Opening "Queen's Indian: Nimzovich variation (exaggerated fianchetto)"]
[ECO "E15"]
[NIC "QI.05"]
[Time "20:45:02"]
[TimeControl "180+0"]

1. d4 Nf6 2. Nf3 e6 3. c4 b6 4. g3 Ba6 5. Qa4 c5 6. Bg2 Bb7 7. dxc5 Bxc5 8.
O-O O-O 9. Nc3 Nc6 10. Bf4 Rc8 11. Rfd1 Be7 12. Nb5 Na5 13. Rac1 Bc6 14. b4
Bxf3 15. Bxf3 Nxc4 16. Qb3 a6 17. Na7 b5 18. Nxc8 Qxc8 19. e4 h5 20. e5 Ng4
21. h3 g5 22. hxg4 gxf4 23. gxf4 hxg4 24. Bxg4 Qb7 25. Be2 f5 26. Qg3+ Kh8
27. Bf3 {Black resigns} 1-0

[Event "ICCopen2017"]
[Site "Internet Chess Club"]
[Date "2017.04.02"]
[Round "9"]
[White "Quinten1994"]
[Black "nekochabo"]
[Result "1-0"]
[ICCResult "Black checkmated"]
[WhiteElo "2360"]
[BlackElo "2657"]
[Opening "Sicilian: Kan, 5.Nc3"]
[ECO "B43"]
[NIC "SI.41"]
[Time "20:44:59"]
[TimeControl "180+0"]

1. e4 c5 2. Nf3 e6 3. d4 cxd4 4. Nxd4 a6 5. Nc3 b5 6. Bd3 Qb6 7. Nb3 Qc7 8.
O-O Bb7 9. Qe2 b4 10. Na4 Nf6 11. Be3 Nxe4 12. Nb6 Nf6 13. Nxa8 Bxa8 14.
Rac1 h5 15. c3 Ng4 16. g3 Nxh2 17. Kxh2 h4 18. f4 hxg3+ 19. Kxg3 Qd8 20. Qg4
Be7 21. Kf2 Rh2+ 22. Ke1 Rg2 23. Qh3 Bh4+ 24. Bf2 Bxf2+ 25. Rxf2 Rg1+ 26.
Rf1 Qb6 27. Nd4 Rxf1+ 28. Kxf1 bxc3 29. bxc3 Nc6 30. Qh8+ Ke7 31. Qxa8 Nxd4
32. cxd4 Qxd4 33. Qe4 Qb2 34. Rb1 Qxa2 35. Qb4+ Kf6 36. Qc3+ Ke7 37. Qc5+ d6
38. Qc7+ Kf6 39. Qd8# {Black checkmated} 1-0

[Event "ICCopen2017"]
[Site "Internet Chess Club"]
[Date "2017.04.02"]
[Round "9"]
[White "Wilsonpalencia"]
[Black "Kusox"]
[Result "1-0"]
[ICCResult "Black resigns"]
[WhiteElo "2528"]
[BlackElo "2099"]
[Opening "Caro-Kann: advance variation"]
[ECO "B12"]
[NIC "CK.04"]
[Time "20:45:11"]
[TimeControl "180+0"]

1. e4 c6 2. d4 d5 3. e5 Bf5 4. Nc3 e6 5. g4 Bg6 6. Nge2 f6 7. h4 Bf7 8. Be3
fxe5 9. dxe5 Nd7 10. f4 Ne7 11. h5 g6 12. hxg6 Bxg6 13. Nd4 Bf7 14. Qf3 c5
15. Nb3 d4 16. Ne4 Nd5 17. Bd2 Qb6 18. O-O-O a5 19. a4 Be7 20. Bb5 Nc7 21.
Nbxc5 Bxc5 22. Nf6+ Ke7 23. Bxd7 Rad8 24. f5 Rxd7 25. Bg5 h6 26. Nd5+
{Black resigns}
1-0

[Event "ICCopen2017"]
[Site "Internet Chess Club"]
[Date "2017.04.02"]
[Round "9"]
[White "simplerxiao"]
[Black "manusupergm2001"]
[Result "1-0"]
[ICCResult "Black checkmated"]
[WhiteElo "2017"]
[BlackElo "2195"]
[Opening "Sicilian: Nimzovich-Rossolimo attack (without ...d6)"]
[ECO "B30"]
[NIC "SI.31"]
[Time "20:44:50"]
[TimeControl "180+0"]

1. e4 c5 2. Nf3 Nc6 3. Bb5 e6 4. Bxc6 bxc6 5. d3 g6 6. O-O Bg7 7. Nc3 Ne7 8.
Qe2 d6 9. Na4 O-O 10. c4 Rb8 11. Rb1 Ba6 12. b3 Re8 13. e5 dxe5 14. Nxc5 Bc8
15. Bb2 f6 16. d4 Qd6 17. Ne4 Qc7 18. dxe5 fxe5 19. Nc5 Qa5 20. Nd3 Qxa2 21.
Ndxe5 Rxb3 22. Nd4 Rb8 23. Bc3 Qxb1 24. Rxb1 Rxb1+ 25. Be1 Rd8 26. Nef3 Bxd4
27. g3 Bb7 28. Qxe6+ Kf8 29. c5 Nf5 30. Kg2 Bc8 31. Qxc6 Bb7 32. Qc7 Re8 33.
Bd2 Re2 34. c6 Ba6 35. Nxd4 Nxd4 36. Bh6+ Ke8 37. Qd7# {Black checkmated}
1-0

[Event "ICCopen2017"]
[Site "Internet Chess Club"]
[Date "2017.04.02"]
[Round "9"]
[White "Rluis"]
[Black "Strider25"]
[Result "1-0"]
[ICCResult "Black resigns"]
[WhiteElo "1322"]
[BlackElo "1771"]
[Opening "Sicilian: closed"]
[ECO "B23"]
[NIC "SI.44"]
[Time "20:45:12"]
[TimeControl "180+0"]

1. e4 c5 2. Nc3 g6 3. Bc4 Bg7 4. d3 e6 5. f4 a6 6. Nf3 b5 7. Bb3 Bb7 8. O-O
d6 9. a3 Ne7 10. Qe1 O-O 11. f5 exf5 12. Qh4 Nbc6 13. Ng5 h6 14. Nxf7 Rxf7
15. Bxf7+ Kxf7 16. Bxh6 Qh8 17. Bg5 Qxh4 18. Bxh4 Bf6 19. Bg3 Ne5 20. exf5
Nxf5 21. Bxe5 dxe5 22. g4 Ne3 23. g5 Nxf1 24. Rxf1 Rf8 25. Rxf6+ Kg7 26. Rb6
Rf7 27. Ne4 Bxe4 28. dxe4 Ra7 29. Kg2 Kf7 30. Kg3 c4 31. Kg4 Ra8 32. h4 Ra7
33. h5 gxh5+ 34. Kxh5 Ra8 35. g6+ Kg8 36. Kh6 Kh8 37. Re6 a5 38. Rxe5 b4 39.
axb4 axb4 40. Rb5 b3 41. cxb3 cxb3 42. Rxb3 Kg8 43. e5 Re8 44. Rb7 Ra8 45.
e6 Re8 46. b4 Ra8 47. b5 Kh8 48. Rc7 Kg8 49. b6 Kf8 50. b7 Re8 51. g7+ Kg8
52. Rc8 {Black resigns} 1-0

[Event "ICCopen2017"]
[Site "Internet Chess Club"]
[Date "2017.04.02"]
[Round "9"]
[White "Eloist"]
[Black "Alinochka199217"]
[Result "0-1"]
[ICCResult "White checkmated"]
[WhiteElo "2188"]
[BlackElo "2531"]
[Opening "Sicilian: Canal-Sokolsky (Nimzovich-Rossolimo, Moscow) attack"]
[ECO "B51"]
[NIC "SI.01"]
[Time "20:44:33"]
[TimeControl "180+0"]

1. e4 c5 2. Nf3 d6 3. Bb5+ Nd7 4. O-O a6 5. Bd3 Ngf6 6. Re1 b5 7. c3 c4 8.
Bc2 e5 9. b3 Bb7 10. bxc4 bxc4 11. Qe2 Qc7 12. Na3 Rc8 13. Rb1 Ba8 14. Rb4
d5 15. Rb1 dxe4 16. Ng5 Qc6 17. Nxe4 Be7 18. Nxf6+ Nxf6 19. f3 O-O 20. Bf5
Rc7 21. Nc2 Bc5+ 22. Kh1 Qd5 23. Ne3 Bxe3 24. dxe3 e4 25. fxe4 Nxe4 26. Bxe4
Qxe4 27. Ba3 Re8 28. Rbd1 Qc6 29. Rd4 Qa4 30. Bd6 Rc6 31. Bf4 Rg6 32. Bg3 h5
33. Rxc4 Qb5 34. Rh4 Qd5 35. Rxh5 Qc6 36. Bf4 Rxg2 37. Qd3 Rg1+ 38. Kxg1
Qg2# {White checkmated} 0-1

[Event "ICCopen2017"]
[Site "Internet Chess Club"]
[Date "2017.04.02"]
[Round "9"]
[White "msenger"]
[Black "LiangLiang"]
[Result "0-1"]
[ICCResult "White forfeits on time"]
[WhiteElo "1520"]
[BlackElo "1820"]
[Opening "Sicilian: Najdorf"]
[ECO "B90"]
[NIC "SI.14"]
[Time "20:44:45"]
[TimeControl "180+0"]

1. e4 c5 2. Nf3 d6 3. d4 cxd4 4. Nxd4 Nf6 5. Nc3 a6 6. a4 e5 7. Nf3 h6 8.
Bc4 Be6 9. Bxe6 fxe6 10. O-O Be7 11. Nh4 O-O 12. Ng6 Re8 13. Nxe7+ Qxe7 14.
Qf3 Nc6 15. Qg3 Nd4 16. Bxh6 Nxe4 17. Qg4 Nf6 18. Qg3 Nf5 19. Qg6 Nxh6 20.
f4 exf4 21. Rxf4 Qf7 22. Qxf7+ Nxf7 23. Rb4 Rab8 24. a5 Ne5 25. Na4 Nc6 26.
Rb6 Nd5 27. Rb3 Nxa5 28. Rd3 Nc4 29. b3 Ne5 30. Rd2 b5 31. Nb2 Rbc8 32. Rxa6
Rc6 33. Rxc6 Nxc6 34. Nd3 Ne5 35. Nxe5 dxe5 36. Re2 Rc8 37. Kf2 Nf4 38. Rd2
Nd5 39. g3 e4 40. Ke2 Rc3 41. Rd4 Rxc2+ 42. Kd1 Ne3+ 43. Ke1 Rxh2 44. Rxe4
Nc2+ 45. Kd1 b4 46. Rxe6 Nd4 47. Rd6 Nxb3 48. Rb6 Nd4 49. Rxb4 Nf5 50. Rg4
Ne3+ 51. Ke1 Nxg4 52. Kf1 Rf2+ {White forfeits on time} 0-1

[Event "ICCopen2017"]
[Site "Internet Chess Club"]
[Date "2017.04.02"]
[Round "9"]
[White "bhaiju"]
[Black "marabu"]
[Result "0-1"]
[ICCResult "White resigns"]
[WhiteElo "1736"]
[BlackElo "2097"]
[Opening "Pirc defense"]
[ECO "B07"]
[NIC "PU.08"]
[Time "20:45:51"]
[TimeControl "180+0"]

1. e4 d6 2. d4 Nf6 3. Nc3 e5 4. dxe5 dxe5 5. Qxd8+ Kxd8 6. Bg5 c6 7. f4 h6
8. Bh4 exf4 9. e5 g5 10. exf6 gxh4 11. O-O-O+ Kc7 12. Nf3 Bg4 13. Be2 Bb4
14. Nxh4 Bxc3 15. Bxg4 Bxf6 16. Nf3 Rd8 17. Rxd8 Bxd8 18. Rd1 Bf6 19. Nd4
Na6 20. Ne2 Nc5 21. Nxf4 Bg5 22. g3 Ne6 23. Bxe6 fxe6 24. Kb1 Bxf4 25. gxf4
Rf8 26. Rf1 Rf5 27. Kc1 e5 28. Kd2 exf4 29. Kd3 Kd6 30. Ke4 Rh5 31. Rxf4
Rxh2 32. Kd3 a5 33. Rf6+ Kc7 34. a4 Kb6 35. b3 h5 36. Kc3 h4 37. Rh6 h3 38.
Rh4 Rh1 39. Kb2 Kc7 40. Rh7+ Kb6 41. Rh5 Ka6 42. Rh8 b6 43. Ra8+ Kb7 44. Rh8
h2 45. Rh7+ Kc8 46. Kc3 Kd8 47. Kc4 Ke8 48. c3 Kf8 49. b4 axb4 50. cxb4 Rc1+
{White resigns}
0-1

[Event "ICCopen2017"]
[Site "Internet Chess Club"]
[Date "2017.04.02"]
[Round "9"]
[White "jefferyx"]
[Black "markovichgoran"]
[Result "1-0"]
[ICCResult "Black resigns"]
[WhiteElo "2755"]
[BlackElo "2396"]
[Opening "Polish (Sokolsky) opening"]
[ECO "A00"]
[NIC "VO.10"]
[Time "20:44:47"]
[TimeControl "180+0"]

1. b4 d5 2. e3 Nf6 3. Bb2 g6 4. c4 Bg7 5. cxd5 Qxd5 6. Nc3 Qd6 7. b5 O-O 8.
a4 Rd8 9. Nf3 Bg4 10. Be2 Nbd7 11. d4 Rab8 12. O-O Bxf3 13. Bxf3 e5 14. Ba3
Qe6 15. d5 Qe8 16. e4 Bf8 17. Bb2 Nb6 18. Be2 c6 19. a5 Nc8 20. f4 Bc5+ 21.
Kh1 cxd5 22. fxe5 Nxe4 23. Nxd5 Ne7 24. Qc2 Nxd5 25. Qxe4 Ne3 26. Rf3 Rd2
27. Ba3 Bd4 28. Rc1 Qxe5 29. Qxe5 Bxe5 30. Rxe3 Bf4 31. Re4 Bh6 32. Rf1 Rc8
33. Bc4 Bg7 34. Bxf7+ Kh8 35. h4 Rd4 36. Rxd4 Bxd4 37. h5 Kg7 38. hxg6 hxg6
39. Be6 Re8 40. Bh3 Re3 41. Bf8+ Kg8 42. Bh6 Ra3 43. Be6+ Kh7 44. Bd2 Rd3
45. Rf7+ Kh8 46. Rf8+ Kh7 47. Bg5 Rd1+ 48. Kh2 Be5+ 49. g3 Rf1 50. Rxf1
{Black resigns}
1-0

[Event "ICCopen2017"]
[Site "Internet Chess Club"]
[Date "2017.04.02"]
[Round "9"]
[White "kutittaja"]
[Black "TudoracheM"]
[Result "1-0"]
[ICCResult "Black forfeits on time"]
[WhiteElo "1544"]
[BlackElo "1659"]
[Opening "English: Sicilian reversed"]
[ECO "A25"]
[NIC "EO.23"]
[Time "20:44:37"]
[TimeControl "180+0"]

1. c4 e5 2. Nc3 Nc6 3. e4 d6 4. Nge2 g6 5. g3 Bg7 6. Bg2 Nge7 7. d3 O-O 8.
h3 h6 9. Rb1 Be6 10. O-O Qd7 11. Kh2 f5 12. f4 Rae8 13. b3 Nd8 14. Nd5 c6
15. Nxe7+ Qxe7 16. Be3 b6 17. Qd2 Kh7 18. d4 exf4 19. Nxf4 Bd7 20. Rbe1 fxe4
21. d5 Bf5 22. dxc6 Nxc6 23. Nd5 Qd8 24. a3 Ne5 25. g4 Bxg4 26. hxg4 Nxg4+
27. Kg1 Qh4 28. Bh1 Qg3+ 29. Qg2 Rxf1+ 30. Kxf1 Rf8+ 31. Ke2 Qh4 32. Rf1 h5
33. Rxf8 Bxf8 34. Qxe4 Qh2+ 35. Qg2 Qe5 36. Qe4 Qb2+ 37. Kf3 Ne5+ 38. Kg3
{Black forfeits on time}
1-0

[Event "ICCopen2017"]
[Site "Internet Chess Club"]
[Date "2017.04.02"]
[Round "9"]
[White "sanka"]
[Black "Smelterlife"]
[Result "1-0"]
[ICCResult "Black checkmated"]
[WhiteElo "1282"]
[BlackElo "349"]
[Opening "Petrov three knights game"]
[ECO "C42"]
[NIC "RG.01"]
[Time "20:46:00"]
[TimeControl "180+0"]

1. e4 e5 2. Nf3 Nf6 3. Nc3 d6 4. Bc4 d5 5. exd5 b5 6. Bxb5+ c6 7. dxc6 Nxc6
8. Bxc6+ Nd7 9. Nxe5 f6 10. Nf3 Bb4 11. O-O g5 12. Re1+ Kf7 13. Qe2 Re8 14.
Qc4+ Kg6 15. d4 Nb6 16. Qd3+ f5 17. Bxe8+ Kf6 18. Bc6 Be6 19. d5 Bf7 20.
Qd4+ Kg6 21. Bxg5 Nxd5 22. Bxd8 Be6 23. Rxe6+ Kh5 24. Qh4# {Black
checkmated} 1-0

[Event "ICCopen2017"]
[Site "Internet Chess Club"]
[Date "2017.04.02"]
[Round "9"]
[White "Kruger"]
[Black "F83"]
[Result "0-1"]
[ICCResult "White checkmated"]
[WhiteElo "1697"]
[BlackElo "1910"]
[Opening "King's Indian, 3.Nf3"]
[ECO "E61"]
[NIC "KI.76"]
[Time "20:44:42"]
[TimeControl "180+0"]

1. d4 Nf6 2. c4 g6 3. Nf3 Bg7 4. Nc3 d6 5. Bf4 Nh5 6. Bg5 h6 7. Be3 Nd7 8.
g3 c5 9. Bg2 O-O 10. Qd2 Kh7 11. O-O-O cxd4 12. Bxd4 Qa5 13. Bxg7 Nxg7 14.
h4 Nf6 15. Kb1 Qf5+ 16. Ka1 Qc5 17. e4 Qxc4 18. e5 dxe5 19. Nxe5 Qc5 20. f4
Be6 21. Qc2 Nf5 22. h5 Nxh5 23. Rxh5 gxh5 24. Be4 Qc8 25. Rh1 Kg7 26. Rxh5
Nd6 27. f5 f6 28. Ng6 Bf7 29. Nxf8 Bxh5 30. Ne6+ Kh7 31. Qh2 Bg4 32. Qh4 Qg8
33. Nf4 Nxe4 34. Nxe4 Qc4 35. Nd2 Qc1+ 36. Nb1 Bxf5 37. Qh5 Qxb1#
{White checkmated}
0-1

[Event "ICCopen2017"]
[Site "Internet Chess Club"]
[Date "2017.04.02"]
[Round "9"]
[White "CristianS"]
[Black "nino-dg"]
[Result "0-1"]
[ICCResult "White forfeits on time"]
[WhiteElo "2145"]
[BlackElo "2390"]
[Opening "Sicilian defense"]
[ECO "B44"]
[NIC "SI.39"]
[Time "20:44:30"]
[TimeControl "180+0"]

1. e4 c5 2. Nf3 e6 3. d4 cxd4 4. Nxd4 Nc6 5. Be2 Nf6 6. Nc3 d5 7. exd5 exd5
8. O-O Be7 9. Bf3 O-O 10. Re1 h6 11. Bf4 Bb4 12. Qd3 Qb6 13. Nb3 Be6 14. a3
Bxc3 15. Qxc3 Rac8 16. Qd2 Rfd8 17. Rad1 Ne4 18. Qe3 Qxe3 19. Bxe3 Nd6 20.
Nc5 b6 21. Nxe6 fxe6 22. b3 Kf7 23. Bf4 Nf5 24. Rd2 g5 25. Be5 Nxe5 26. Rxe5
Kf6 27. Rde2 Nd4 28. Re1 Rxc2 29. Bg4 Rd6 30. h4 Rc3 31. hxg5+ hxg5 32. g3
Rxb3 33. Kg2 Rxa3 34. f4 Ra2+ 35. Kh3 gxf4 36. gxf4 Rd8 37. Rh5 Rg8 38. Rh6+
Rg6 39. Rxg6+ Kxg6 40. Bxe6 Ra3+ 41. Kg4 Kf6 42. Bc8 Rd3 43. Rh1 Nc2 44. f5
Ne3+ 45. Kf3 Nxf5+ 46. Kf4 Rd4+ 47. Kf3 Nh4+ 48. Ke2 Re4+
{White forfeits on time}
0-1

[Event "ICCopen2017"]
[Site "Internet Chess Club"]
[Date "2017.04.02"]
[Round "9"]
[White "fisherino"]
[Black "GolfPro"]
[Result "0-1"]
[ICCResult "White resigns"]
[WhiteElo "1560"]
[BlackElo "1882"]
[Opening "Petrov: modern attack, Symmetrical variation"]
[ECO "C43"]
[NIC "RG.02"]
[Time "20:45:31"]
[TimeControl "180+0"]

1. e4 e5 2. Nf3 Nf6 3. d4 Nxe4 4. Bd3 d5 5. Nxe5 Nd7 6. Nxd7 Bxd7 7. O-O Be7
8. Re1 Nf6 9. Bf4 O-O 10. c3 Re8 11. Nd2 g6 12. Bh6 Bf8 13. Bxf8 Kxf8 14.
Nf3 Bg4 15. Rxe8+ Qxe8 16. Be2 Bxf3 17. Bxf3 c6 18. Qd2 Kg7 19. Re1 Qd7 20.
Re5 Re8 21. Qe2 Rxe5 22. Qxe5 h5 23. Bxh5 gxh5 24. Qg5+ Kh7 25. Qxf6 Qe8 26.
Qe5 Qxe5 27. dxe5 Kg6 28. f4 Kf5 29. g3 c5 30. Kf2 b5 31. Ke3 a5 32. h3 b4
33. cxb4 axb4 34. b3 d4+ 35. Kd3 h4 36. gxh4 Kxf4 37. h5 Kg5 38. Kc4 Kxh5
39. a4 bxa3 40. b4 cxb4 41. Kd5 a2 42. e6 a1=Q 43. exf7 Qf1 44. Kxd4 Qxf7
45. Kc5 b3 {White resigns} 0-1

[Event "ICCopen2017"]
[Site "Internet Chess Club"]
[Date "2017.04.02"]
[Round "9"]
[White "chavo"]
[Black "Ataraxia"]
[Result "1-0"]
[ICCResult "Black forfeits on time"]
[WhiteElo "2311"]
[BlackElo "1916"]
[Opening "Sicilian: Najdorf"]
[ECO "B90"]
[NIC "SI.14"]
[Time "20:45:00"]
[TimeControl "180+0"]

1. e4 c5 2. Nc3 d6 3. Nf3 Nf6 4. d4 cxd4 5. Nxd4 a6 6. Rg1 e5 7. Nb3 Nc6 8.
g4 h6 9. h4 Be6 10. g5 hxg5 11. hxg5 Nd7 12. Be3 b5 13. Nd5 Be7 14. Qd2 Rc8
15. O-O-O Bxd5 16. exd5 Nd4 17. Nxd4 exd4 18. Qxd4 Ne5 19. f4 Qc7 20. Rg2
Ng4 21. Qxg7 Nxe3 22. Qxh8+ Kd7 23. Qh3+ Ke8 24. Qxe3 Qa5 25. Kb1 b4 26. Re1
Rc7 27. g6 fxg6 28. Rxg6 Qa4 29. Bd3 Kd7 30. Qe6+ Kd8 31. Rg8+ Bf8 32. Rxf8+
{Black forfeits on time}
1-0